[Event "January 2 Late 2024"]
[Site "https://www.chess.com"]
[Date "2024.01.02"]
[Round "6"]
[White "CRObliterator"]
[Black "Gaal, Zsoka"]
[Result "1-0"]
[Board "144"]
[TimeControl "180+1"]
[BlackFideId "777765"]
[WhiteElo "2356"]
[BlackElo "2503"]
[BlackTeam "HUN"]
[WhiteClock "0:00:15"]
[BlackClock "0:00:47"]

1. e4 c6 2. d4 d5 3. f3 e6 4. Nc3 Nf6 5. e5 Nfd7 6. f4 g6 7. Nf3 c5 8. Be3 Nc6 9. Qd2 cxd4 10. Nxd4 Nxd4 11. Bxd4 Bc5 12. O-O-O a6 13. h4 h5 14. Be2 b5 15. Bf3 Bb7 16. Kb1 Qb6 17. Bxc5 Nxc5 18. b4 Na4 19. Nxa4 bxa4 20. c4 Rd8 21. c5 Qb5 22. Ka1 d4 23. Bxb7 Qxb7 24. Qb2 d3 25. Rh3 Qe4 26. Qd2 O-O 27. Rxd3 Rxd3 28. Qxd3 Qxb4 29. c6 Qxf4 30. Qc3 Qxh4 31. c7 Rc8 32. Qc5 Kg7 33. Kb2 Qg4 34. Rd8 Qxg2+ 35. Ka3 Qb7 36. Qf8+ Kh7 37. Qh8# 1-0

[Event "January 2 Late 2024"]
[Site "https://www.chess.com"]
[Date "2024.01.02"]
[Round "6"]
[White "Arias Igual, Alejandro"]
[Black "xakevicius91"]
[Result "1-0"]
[Board "145"]
[TimeControl "180+1"]
[WhiteFideId "2254905"]
[WhiteElo "2355"]
[BlackElo "2503"]
[WhiteTeam "ESP"]
[WhiteClock "0:00:03"]
[BlackClock "0:00:19"]

1. e4 c5 2. Nf3 a6 3. g3 Nc6 4. Bg2 g6 5. O-O Bg7 6. c3 e5 7. d3 Nge7 8. Nbd2 d6 9. a4 O-O 10. Nc4 Be6 11. h3 f6 12. Qe2 d5 13. exd5 Bxd5 14. Be3 b5 15. axb5 axb5 16. Rxa8 Qxa8 17. Nb6 Qd8 18. Bxc5 Re8 19. Nxd5 Nxd5 20. Ra1 f5 21. Ra6 Qc8 22. Ra1 Qd8 23. Qc2 h6 24. Qb3 e4 25. dxe4 fxe4 26. Nh4 Kh7 27. Qxb5 Ne5 28. Ra7 e3 29. Bxd5 e2 30. Qxe2 Qxd5 31. Bd4 h5 32. Qc2 Re6 33. Kh2 Qc6 34. f4 Nf3+ 35. Nxf3 Qxf3 36. Rxg7+ Kh6 37. Be5 Rxe5 38. Qxg6# 1-0

[Event "January 2 Late 2024"]
[Site "https://www.chess.com"]
[Date "2024.01.02"]
[Round "6"]
[White "Jaiveer Mahendru"]
[Black "Korol, Dimitry"]
[Result "1/2-1/2"]
[Board "146"]
[TimeControl "180+1"]
[WhiteFideId "25611151"]
[BlackFideId "14108003"]
[WhiteElo "2501"]
[BlackElo "2339"]
[WhiteTeam "IND"]
[BlackTeam "UKR"]
[WhiteClock "0:00:06"]
[BlackClock "0:00:33"]

1. f4 c5 2. Nf3 g6 3. g3 Bg7 4. Bg2 Nc6 5. O-O d6 6. e4 e5 7. Nc3 Nge7 8. Nd5 O-O 9. d3 f5 10. c4 h6 11. fxe5 dxe5 12. Nh4 Kh7 13. Be3 Nd4 14. Bxd4 exd4 15. Qe2 Nxd5 16. cxd5 Qd6 17. exf5 Bxf5 18. Nxf5 gxf5 19. Rxf5 Rxf5 20. Be4 Rf8 21. Rf1 Kh8 22. Rxf5 Rxf5 23. Bxf5 Qxd5 24. Qe8+ Qg8 25. Qg6 b5 26. Be6 Qf8 27. Bf5 Qg8 28. Kf2 c4 29. g4 c3 30. g5 c2 31. gxh6 c1=Q 32. hxg7+ Qxg7 33. Qe8+ Qg8 34. Qe5+ Qg7 35. Qb8+ Qg8 36. Qe5+ Qg7 37. Qb8+ Qg8 38. Qe5+ 1/2-1/2

[Event "January 2 Late 2024"]
[Site "https://www.chess.com"]
[Date "2024.01.02"]
[Round "6"]
[White "Jahnz, Fabian"]
[Black "Play, Gilles"]
[Result "0-1"]
[Board "147"]
[TimeControl "180+1"]
[WhiteFideId "4653300"]
[BlackFideId "45130892"]
[WhiteElo "2338"]
[BlackElo "2496"]
[WhiteTeam "GER"]
[BlackTeam "FRA"]
[WhiteClock "0:00:07"]
[BlackClock "0:00:11"]

1. e4 e5 2. d4 Nf6 3. dxe5 Nxe4 4. Qe2 Nc5 5. Be3 Nc6 6. f4 Ne4 7. g3 d5 8. exd6 Bxd6 9. Bg2 Qe7 10. Nf3 O-O 11. O-O Bc5 12. Bxc5 Qxc5+ 13. Kh1 Re8 14. Ne5 Nf6 15. Qc4 Qxc4 16. Nxc4 Bf5 17. Nba3 Re2 18. Rae1 Rae8 19. Ne5 Rxe1 20. Rxe1 Ng4 21. Nd3 Rd8 22. h3 Nf6 23. Ne5 Nxe5 24. fxe5 Nd5 25. c4 Nb4 26. Bxb7 Nd3 27. Re2 Rb8 28. g4 Be6 29. Rd2 Nxe5 30. Bd5 Rd8 31. Re2 Bxd5+ 32. cxd5 Rxd5 33. Nc4 f6 34. Nxe5 fxe5 35. Rc2 c5 36. Kg2 Kf7 37. Kf3 Ke6 38. Rc4 Rd3+ 39. Kg2 Kd5 40. Ra4 Rd2+ 41. Kg3 Rxb2 42. Rxa7 c4 43. Rd7+ Kc6 44. Re7 c3 45. Re8 Kd7 46. Rxe5 Rxa2 47. Rc5 c2 48. h4 Kd6 49. Rc8 Kd5 50. Kf3 Kd4 51. g5 Kd3 52. h5 Kd2 53. Rd8+ Kc3 54. Rc8+ Kb2 55. Rb8+ Ka1 56. Rc8 Kb1 57. Rb8+ Rb2 0-1

[Event "January 2 Late 2024"]
[Site "https://www.chess.com"]
[Date "2024.01.02"]
[Round "6"]
[White "Dobre, Claudiu-Cristian"]
[Black "Kostiukov, Alexandr"]
[Result "0-1"]
[Board "148"]
[TimeControl "180+1"]
[WhiteFideId "1211854"]
[BlackFideId "14108100"]
[WhiteElo "2494"]
[BlackElo "2336"]
[WhiteTeam "ROU"]
[BlackTeam "UKR"]
[WhiteClock "0:00:00"]
[BlackClock "0:00:17"]

1. d4 g6 2. Nf3 Bg7 3. c4 d6 4. Nc3 e5 5. dxe5 dxe5 6. Qxd8+ Kxd8 7. Bg5+ f6 8. O-O-O+ Nd7 9. Be3 Bh6 10. Bxh6 Nxh6 11. h3 c6 12. g4 Nf7 13. h4 h5 14. gxh5 gxh5 15. Bh3 Ke7 16. Rhg1 Nc5 17. Bxc8 Raxc8 18. Rg7 Rcg8 19. Rdg1 Rxg7 20. Rxg7 Ne6 21. Rg1 Nh6 22. e3 a5 23. Ne4 Ng4 24. Rg2 Rd8 25. Ng1 Kf7 26. Ne2 b5 27. N2g3 bxc4 28. Nxh5 f5 29. Nd2 Rh8 30. Ng3 Kf6 31. h5 Nc5 32. Nxc4 Nd3+ 33. Kc2 Ndxf2 34. Kd2 Rd8+ 35. Ke2 Rd3 0-1

[Event "January 2 Late 2024"]
[Site "https://www.chess.com"]
[Date "2024.01.02"]
[Round "6"]
[White "Poddubnyi, Viktor"]
[Black "Gutierrez Olivares, Daniel"]
[Result "0-1"]
[Board "149"]
[TimeControl "180+1"]
[WhiteFideId "4141989"]
[BlackFideId "2264005"]
[WhiteElo "2333"]
[BlackElo "2488"]
[WhiteTeam "RUS"]
[BlackTeam "ESP"]
[WhiteClock "0:00:00"]
[BlackClock "0:00:12"]

1. e4 e6 2. d4 d5 3. Nd2 Nf6 4. e5 Nfd7 5. Bd3 c5 6. c3 Nc6 7. Ne2 cxd4 8. cxd4 f6 9. exf6 Qxf6 10. Nf3 h6 11. O-O Bd6 12. Ng3 O-O 13. Re1 Rf7 14. Bc2 Nf8 15. Be3 Rc7 16. Ba4 Ne7 17. Ne5 Bxe5 18. dxe5 Qf7 19. f4 Nfg6 20. Qd2 Bd7 21. Bc2 Rf8 22. Rf1 Nh4 23. Bxa7 Bb5 24. Rf2 Nc6 25. Bb6 Rd7 26. a4 Ba6 27. b4 Bc4 28. b5 Ne7 29. Bc5 Rc8 30. Bxe7 Rxe7 31. Bd3 Bxd3 32. Qxd3 Rec7 33. a5 Rc3 34. Qd1 Ng6 35. f5 Nxe5 36. fxe6 Qxe6 37. a6 bxa6 38. bxa6 Nd3 39. a7 Kh7 40. Rd2 Rc1 41. Rxd3 Rxd1+ 42. Rdxd1 Qb6+ 43. Kh1 Ra8 44. Rxd5 Rxa7 45. Rad1 Qb2 46. R5d2 Ra1 0-1

[Event "January 2 Late 2024"]
[Site "https://www.chess.com"]
[Date "2024.01.02"]
[Round "6"]
[White "Suvorov, Luca"]
[Black "Zampronha, Wladimir Camilo"]
[Result "1-0"]
[Board "150"]
[TimeControl "180+1"]
[WhiteFideId "12977071"]
[BlackFideId "2103087"]
[WhiteElo "2476"]
[BlackElo "2321"]
[WhiteTeam "GER"]
[BlackTeam "BRA"]
[WhiteClock "0:00:09"]
[BlackClock "0:00:03"]

1. Nf3 Nf6 2. b3 g6 3. Bb2 Bg7 4. e3 O-O 5. c4 d6 6. Be2 e5 7. d3 Re8 8. Nfd2 c6 9. g4 d5 10. g5 Nfd7 11. h4 Na6 12. Nc3 Nc7 13. Qc2 b5 14. O-O-O b4 15. Na4 Qe7 16. Rdg1 Nb6 17. h5 Nxa4 18. bxa4 dxc4 19. dxc4 Ne6 20. Ne4 Nc5 21. Bg4 Bxg4 22. Rxg4 Nxe4 23. Qxe4 b3 24. axb3 Rab8 25. hxg6 hxg6 26. Qc2 Qb4 27. Rgh4 Qxb3 28. Qxb3 Rxb3 29. f4 Rxb2 30. Kxb2 exf4+ 31. Kc2 fxe3 32. Kd3 c5 33. Re4 Rxe4 34. Kxe4 Bd4 35. Kd3 Kg7 36. Rb1 f6 37. Rb7+ Kf8 38. gxf6 g5 39. Rxa7 g4 40. Rg7 Bxf6 41. Rxg4 Bd4 42. Re4 Kf7 43. a5 1-0

[Event "January 2 Late 2024"]
[Site "https://www.chess.com"]
[Date "2024.01.02"]
[Round "6"]
[White "Petre, Nad-Titus"]
[Black "Lalanne, Pablo"]
[Result "1-0"]
[Board "151"]
[TimeControl "180+1"]
[WhiteFideId "1204165"]
[BlackFideId "112151"]
[WhiteElo "2471"]
[BlackElo "2301"]
[WhiteTeam "ROU"]
[BlackTeam "ARG"]
[WhiteClock "0:01:10"]
[BlackClock "0:00:14"]

1. e4 c5 2. Nc3 Nc6 3. Bb5 g6 4. Bxc6 bxc6 5. d3 Bg7 6. Bd2 Rb8 7. Rb1 d5 8. Nge2 Nf6 9. O-O O-O 10. f3 e5 11. b3 Ba6 12. Na4 Qe7 13. Be3 Nd7 14. c4 d4 15. Bc1 f5 16. Ba3 Rf7 17. Qd2 Rb4 18. Nxc5 Rb6 19. Nxd7 Qxd7 20. Bc5 Rb8 21. b4 Bf8 22. Bxf8 Rbxf8 23. a4 c5 24. bxc5 Qc6 25. Qa5 fxe4 26. fxe4 Rxf1+ 27. Rxf1 Rxf1+ 28. Kxf1 Bxc4 29. dxc4 Qxe4 30. c6 d3 31. Qd5+ Qxd5 32. cxd5 dxe2+ 33. Kxe2 Kf7 34. c7 1-0

[Event "January 2 Late 2024"]
[Site "https://www.chess.com"]
[Date "2024.01.02"]
[Round "6"]
[White "Kazmaier, Daniel"]
[Black "Antonio, Jorge Carlos"]
[Result "1-0"]
[Board "152"]
[TimeControl "180+1"]
[WhiteFideId "2606089"]
[BlackFideId "113190"]
[WhiteElo "2460"]
[BlackElo "2293"]
[WhiteTeam "CAN"]
[BlackTeam "ARG"]
[WhiteClock "0:00:53"]
[BlackClock "0:00:14"]

1. e4 c6 2. Nc3 d5 3. d3 Nf6 4. Be2 dxe4 5. Nxe4 Nxe4 6. dxe4 Qxd1+ 7. Kxd1 e5 8. Bc4 Bc5 9. f3 b5 10. Bb3 a5 11. a4 b4 12. Ne2 Ke7 13. c3 Be6 14. Bxe6 Kxe6 15. Kc2 Na6 16. Bg5 f6 17. Bh4 g5 18. Be1 h5 19. Ng3 bxc3 20. bxc3 Nc7 21. Nf5 Ne8 22. Bd2 Nd6 23. Ne3 Bxe3 24. Bxe3 Rab8 25. Bc5 Nc4 26. Rab1 g4 27. Kd3 Nd6 28. Bxd6 Kxd6 29. Kc4 gxf3 30. gxf3 Rxb1 31. Rxb1 Rg8 32. Rd1+ Ke6 33. Kc5 Rg2 34. Kxc6 Rc2 35. Rd3 Rxh2 36. c4 Ra2 37. c5 Rxa4 38. Rc3 Rb4 39. Kc7 Ke7 40. c6 h4 41. Kc8 h3 42. Rc2 Rc4 43. Rxc4 h2 44. Rc1 a4 45. c7 a3 46. Kb7 a2 47. c8=Q a1=Q 48. Rxa1 1-0

[Event "January 2 Late 2024"]
[Site "https://www.chess.com"]
[Date "2024.01.02"]
[Round "6"]
[White "Lopusiewicz, Piotr"]
[Black "Eggleston, Thomas A"]
[Result "1-0"]
[Board "153"]
[TimeControl "180+1"]
[WhiteFideId "1116029"]
[BlackFideId "412139"]
[WhiteElo "2456"]
[BlackElo "2288"]
[WhiteTeam "POL"]
[BlackTeam "ENG"]
[WhiteClock "0:00:49"]
[BlackClock "0:00:00"]

1. d4 e6 2. Nf3 f5 3. Bf4 Nf6 4. e3 Be7 5. Be2 O-O 6. O-O d6 7. c4 Ne4 8. Nfd2 Nxd2 9. Qxd2 g5 10. Bg3 Bf6 11. Nc3 e5 12. dxe5 dxe5 13. Qxd8 Bxd8 14. Bxe5 Nc6 15. Bd4 f4 16. Bf3 Nxd4 17. exd4 c6 18. Rfe1 g4 19. Be4 Bf6 20. Rad1 Bd7 21. d5 c5 22. d6 Bc6 23. Bxc6 bxc6 24. Ne4 Bd4 25. b4 g3 26. Rxd4 gxf2+ 27. Kxf2 cxd4 28. Rd1 a5 29. b5 cxb5 30. cxb5 Rac8 31. Rxd4 Rc2+ 32. Kf3 Rxa2 33. d7 Ra3+ 34. Kg4 Rd8 35. Nc5 Ra2 36. Nb7 Rxd7 37. Rxd7 Rxg2+ 38. Kxf4 Rxh2 39. Nd6 Rb2 40. Kf5 a4 41. Kf6 1-0

[Event "January 2 Late 2024"]
[Site "https://www.chess.com"]
[Date "2024.01.02"]
[Round "6"]
[White "Vifleemskaia, Svetlana"]
[Black "chucksterf10"]
[Result "1/2-1/2"]
[Board "154"]
[TimeControl "180+1"]
[WhiteFideId "4129490"]
[WhiteElo "2241"]
[BlackElo "2442"]
[WhiteTeam "RUS"]
[WhiteClock "0:00:19"]
[BlackClock "0:01:52"]

1. d4 d5 2. c4 Bf5 3. Nc3 e6 4. cxd5 exd5 5. Nf3 Nf6 6. Bg5 Bb4 7. e3 O-O 8. a3 Bxc3+ 9. bxc3 Nbd7 10. Bd3 Bxd3 11. Qxd3 h6 12. Bxf6 Qxf6 13. c4 dxc4 14. Qxc4 c5 15. O-O Rac8 16. d5 Ne5 17. Nxe5 Qxe5 18. e4 f5 19. d6+ Kh7 20. d7 Rcd8 21. Rad1 fxe4 22. Rd5 Qe6 23. Rxc5 Qxc4 24. Rxc4 Rxd7 25. Rxe4 Rf6 26. h4 h5 27. a4 Ra6 28. Rb1 b6 29. Rb5 g6 30. Rbe5 Kh6 31. Rg5 Rd6 32. g3 Kg7 33. Re7+ Kf6 34. Re4 Rd1+ 35. Kg2 Ra1 36. Rc4 R1xa4 37. Rc6+ Kf7 38. Rcxg6 b5 39. Rg7+ Kf6 40. R7g6+ Kf7 41. Rg7+ Kf6 42. R7g6+ Kf7 1/2-1/2

[Event "January 2 Late 2024"]
[Site "https://www.chess.com"]
[Date "2024.01.02"]
[Round "6"]
[White "Morales Garcia, Sergio Joshafatt"]
[Black "Arlo2024"]
[Result "1/2-1/2"]
[Board "155"]
[TimeControl "180+1"]
[WhiteFideId "5106249"]
[WhiteElo "2439"]
[BlackElo "2230"]
[WhiteTeam "MEX"]
[WhiteClock "0:00:11"]
[BlackClock "0:00:08"]

1. d4 Nf6 2. c4 c5 3. d5 b5 4. cxb5 a6 5. bxa6 g6 6. Nc3 Bg7 7. e4 O-O 8. e5 Ne8 9. Nf3 d6 10. exd6 Nxd6 11. Be2 Bxa6 12. O-O Nd7 13. Bxa6 Rxa6 14. Re1 Re8 15. Bf4 Nc4 16. Qd3 Ndb6 17. b3 Bxc3 18. Qxc3 Nd6 19. Qxc5 Qa8 20. Bxd6 exd6 21. Rxe8+ Qxe8 22. Qxd6 Qa8 23. Qc6 Rxa2 24. Qxa8+ Rxa8 25. Rxa8+ Nxa8 26. Ne5 Kf8 27. Kf1 f6 28. Nc4 Nc7 29. d6 Nb5 30. f3 Ke8 31. Kf2 Nd4 32. b4 Kd7 33. h4 Kc6 34. g4 Kb5 35. d7 Ne6 36. Na5 Nd8 37. Nb3 Kxb4 38. Nd4 Kc5 39. Ke3 Kd6 40. h5 Kxd7 41. hxg6 hxg6 42. f4 Kd6 43. Ke4 Nf7 44. Nf3 Ke7 45. f5 gxf5+ 46. Kxf5 Nd6+ 47. Kf4 Kf7 48. Nd4 Kg6 49. Ne2 Nf7 50. Ng3 Ne5 51. Ne4 Nxg4 52. Kxg4 f5+ 53. Kf4 fxe4 54. Kxe4 1/2-1/2

[Event "January 2 Late 2024"]
[Site "https://www.chess.com"]
[Date "2024.01.02"]
[Round "6"]
[White "Vujacic, Igor"]
[Black "Urbina Perez, Juan Antonio"]
[Result "1-0"]
[Board "156"]
[TimeControl "180+1"]
[WhiteFideId "932620"]
[BlackFideId "2217368"]
[WhiteElo "2435"]
[BlackElo "2431"]
[WhiteTeam "MNE"]
[BlackTeam "ESP"]
[WhiteClock "0:00:06"]
[BlackClock "0:00:00"]

1. d4 Nf6 2. Bf4 c5 3. dxc5 e6 4. Bd6 Bxd6 5. Qxd6 Qe7 6. Qxe7+ Kxe7 7. Nd2 Na6 8. e4 Nxc5 9. e5 Nd5 10. a3 f6 11. Ngf3 fxe5 12. Nxe5 d6 13. Nd3 Nxd3+ 14. Bxd3 Nf4 15. Be4 d5 16. Bf3 Bd7 17. g3 Ng6 18. O-O Rac8 19. Rac1 Rhf8 20. Rfe1 Kd6 21. c4 Ne5 22. Be2 Bc6 23. f4 Nxc4 24. Bxc4 dxc4 25. Nxc4+ Ke7 26. Ne5 Bd5 27. Kf2 Rfd8 28. Ke3 a6 29. g4 g6 30. b4 Bb3 31. h4 Ba4 32. g5 Bb5 33. Red1 Rxd1 34. Rxc8 Rd8 35. Rc7+ Kd6 36. Rxb7 Rc8 37. Rxh7 Rc3+ 38. Kd4 Rxa3 39. h5 gxh5 40. Rxh5 Rg3 41. g6 Rg1 42. Rg5 1-0

[Event "January 2 Late 2024"]
[Site "https://www.chess.com"]
[Date "2024.01.02"]
[Round "6"]
[White "Yushko, Olga"]
[Black "Bouget, Alexandre"]
[Result "1/2-1/2"]
[Board "157"]
[TimeControl "180+1"]
[WhiteFideId "14114500"]
[BlackFideId "681318"]
[WhiteElo "2205"]
[BlackElo "2432"]
[WhiteTeam "UKR"]
[BlackTeam "FRA"]
[WhiteClock "0:00:10"]
[BlackClock "0:00:11"]

1. d4 Nf6 2. c4 Nc6 3. Nf3 e6 4. Nc3 d5 5. cxd5 exd5 6. Bg5 Bb4 7. e3 h6 8. Bh4 g5 9. Bg3 Ne4 10. Qb3 a5 11. Bd3 a4 12. Qc2 a3 13. Bxe4 axb2 14. Qxb2 dxe4 15. Nd2 f5 16. h4 f4 17. exf4 Qxd4 18. Rc1 e3 19. Nf3 exf2+ 20. Bxf2 Qxf4 21. O-O g4 22. Nd5 Qd6 23. Qxh8+ Kf7 24. Qh7+ Kf8 25. Nxc7 Rxa2 26. Qh8+ Kf7 27. Qe8+ Kg7 28. Qxc8 gxf3 29. Qg4+ Kh8 30. Qc8+ Kg7 31. Ne8+ Kh7 32. Qc7+ Qxc7 33. Nxc7 fxg2 34. Kxg2 Ne5 35. Kg3 Nd3 36. Rcd1 Bd6+ 37. Kg2 Nf4+ 38. Kf3 Ra3+ 39. Kg4 h5+ 40. Kf5 Bxc7 41. Rd7+ Kh6 42. Rxc7 Nd5 43. Rxb7 Ra4 44. Ke6 Nf4+ 45. Ke5 Nd3+ 46. Kd6 Ra6+ 47. Kc7 Re6 48. Kd7 Rf6 49. Kc7 Nxf2 50. Rb6 Rxb6 51. Kxb6 Ne4 52. Kc6 Ng3 53. Rf4 Ne2 54. Re4 Ng3 55. Rd4 Kg6 56. Kd6 Nf5+ 57. Kd5 Nxd4 58. Kxd4 Kf5 59. Ke3 Kg4 60. Kf2 Kxh4 61. Kg1 Kg4 62. Kh1 h4 63. Kh2 h3 64. Kh1 Kh4 65. Kh2 Kg4 66. Kh1 Kf3 67. Kh2 Kf2 68. Kxh3 1/2-1/2

[Event "January 2 Late 2024"]
[Site "https://www.chess.com"]
[Date "2024.01.02"]
[Round "6"]
[White "Gardezi, Arsal"]
[Black "Keller, Peter"]
[Result "1-0"]
[Board "158"]
[TimeControl "180+1"]
[WhiteFideId "30949521"]
[BlackFideId "1272105"]
[WhiteElo "2137"]
[BlackElo "2225"]
[WhiteTeam "USA"]
[BlackTeam "GER"]
[WhiteClock "0:00:13"]
[BlackClock "0:00:08"]

1. Nf3 d5 2. d4 Nf6 3. g3 Bf5 4. Bg2 e6 5. Bf4 c5 6. c3 Qb6 7. Qc1 Nc6 8. Nbd2 cxd4 9. cxd4 Nxd4 10. Nxd4 Qxd4 11. O-O Be7 12. Qc7 Qb6 13. Rac1 Bd8 14. Qd6 Qxd6 15. Bxd6 Kd7 16. Bc5 Rc8 17. Bxa7 b6 18. Nf3 Bc7 19. Nd4 Ra8 20. Nb5 Rhc8 21. Nxc7 Rxa7 22. Nb5 Rxa2 23. Rxc8 Kxc8 24. Nd6+ Kc7 25. Nxf7 Rxb2 26. Ne5 Rxe2 27. Rc1+ Kd6 28. Nf7+ Kd7 29. Ng5 b5 30. Bf1 Rb2 31. Nf3 b4 32. Ne5+ Kd6 33. Nf7+ Ke7 34. Rc7+ Ke8 35. Nd6+ Kf8 36. Rf7+ Kg8 37. Rb7 b3 38. Rb8+ Ne8 39. Rxe8# 1-0

[Event "January 2 Late 2024"]
[Site "https://www.chess.com"]
[Date "2024.01.02"]
[Round "6"]
[White "Ivanov, Aleksandr"]
[Black "Chiu, Isaac"]
[Result "0-1"]
[Board "159"]
[TimeControl "180+1"]
[WhiteFideId "2092980"]
[BlackFideId "30900654"]
[WhiteElo "2163"]
[BlackElo "2701"]
[WhiteTeam "USA"]
[BlackTeam "USA"]
[WhiteClock "0:00:00"]
[BlackClock "0:00:44"]

1. d4 e6 2. c4 Bb4+ 3. Bd2 Bxd2+ 4. Qxd2 Nf6 5. Nc3 d5 6. e3 O-O 7. cxd5 exd5 8. Bd3 c6 9. Nge2 Re8 10. O-O Nbd7 11. Qc2 Nf8 12. b4 Ne6 13. b5 c5 14. dxc5 Nxc5 15. a4 Be6 16. Nd4 Rc8 17. Rfc1 Qd6 18. Be2 Bg4 19. h3 Bd7 20. Qb2 g6 21. Bf1 h5 22. Nce2 Nd3 23. Qd2 Nxc1 24. Rxc1 Rxc1 25. Qxc1 Rc8 26. Qb2 Ne4 27. Nf4 Qe5 28. Nd3 Qc7 29. Nf4 Qc1 30. Qb4 Nd2 31. Qe7 Qxf1+ 32. Kh2 Qxf2 33. Qxd7 Rc1 34. Qe8+ Kg7 35. Nde6+ fxe6 36. Qxg6+ Kf8 37. Qf6+ Ke8 38. Qxe6+ Kd8 39. Qd6+ Kc8 0-1

[Event "January 2 Late 2024"]
[Site "https://www.chess.com"]
[Date "2024.01.02"]
[Round "6"]
[White "Romero Ruscalleda, Josep"]
[Black "Vlassov, Nikolai"]
[Result "0-1"]
[Board "160"]
[TimeControl "180+1"]
[WhiteFideId "2231859"]
[BlackFideId "4103360"]
[WhiteElo "2316"]
[BlackElo "2628"]
[WhiteTeam "ESP"]
[BlackTeam "FID"]
[WhiteClock "0:00:17"]
[BlackClock "0:01:25"]

1. e4 Nc6 2. d4 d5 3. Nc3 e5 4. exd5 Nxd4 5. Be3 Nf5 6. Nf3 Nxe3 7. fxe3 Bd6 8. Bb5+ Bd7 9. Bxd7+ Qxd7 10. e4 Ne7 11. O-O O-O 12. Qd3 Ng6 13. g3 a6 14. Kg2 b5 15. a4 b4 16. Ne2 f5 17. c4 bxc3 18. bxc3 f4 19. Rf2 fxg3 20. hxg3 Qg4 21. Rh1 Rf7 22. Rff1 Raf8 23. Nh2 Nh4+ 24. Kg1 Qh3 0-1

[Event "January 2 Late 2024"]
[Site "https://www.chess.com"]
[Date "2024.01.02"]
[Round "6"]
[White "Bazzano, Sebastian"]
[Black "Gavrilov, Maxim"]
[Result "0-1"]
[Board "161"]
[TimeControl "180+1"]
[WhiteFideId "104566"]
[BlackFideId "24271454"]
[WhiteElo "2298"]
[BlackElo "2485"]
[WhiteTeam "ARG"]
[BlackTeam "RUS"]
[WhiteClock "0:00:00"]
[BlackClock "0:00:32"]

1. d4 Nf6 2. Bf4 d5 3. e3 e6 4. c3 c5 5. Nd2 Nc6 6. Ngf3 Bd6 7. Bg3 Qc7 8. Bd3 Nd7 9. O-O h6 10. Re1 O-O 11. Bxd6 Qxd6 12. e4 cxd4 13. cxd4 dxe4 14. Nxe4 Qe7 15. Rc1 Nf6 16. Nxf6+ Qxf6 17. Bb5 Bd7 18. Ne5 Qe7 19. Nxc6 bxc6 20. Bxc6 Bxc6 21. Rxc6 Rab8 22. b3 Rfd8 23. Rc4 Qd6 24. Qc2 Rb4 25. Rd1 Rb5 26. h3 Rd5 27. Rc1 Rxd4 28. Rxd4 Qxd4 29. Qc3 Qd5 30. Qe3 a5 31. Rc5 Qd1+ 32. Kh2 a4 33. bxa4 Qxa4 34. Qb3 Qd4 35. Rc2 h5 36. f3 h4 37. Qc3 Qf4+ 0-1

[Event "January 2 Late 2024"]
[Site "https://www.chess.com"]
[Date "2024.01.02"]
[Round "6"]
[White "Rodriguez Avila, Alvaro"]
[Black "Reprintsev, Alexander"]
[Result "1-0"]
[Board "162"]
[TimeControl "180+1"]
[WhiteFideId "24570249"]
[BlackFideId "14100541"]
[WhiteElo "2295"]
[BlackElo "2484"]
[WhiteTeam "ESP"]
[BlackTeam "UKR"]
[WhiteClock "0:00:06"]
[BlackClock "0:00:08"]

1. e4 d5 2. exd5 Qxd5 3. Nc3 Qa5 4. Bc4 Nf6 5. d3 Bg4 6. f3 Be6 7. Bxe6 fxe6 8. Bd2 Nc6 9. Nge2 Qb6 10. Qc1 Nd5 11. a3 O-O-O 12. Na4 Qa6 13. Nc5 Qb5 14. Nxe6 Ne5 15. Nxd8 Kxd8 16. O-O Qb6+ 17. Kh1 e6 18. c4 Nf6 19. d4 Ng6 20. Be3 Qa6 21. Qc2 Be7 22. Rad1 Kc8 23. Rfe1 Rd8 24. Nf4 Nf8 25. Nd3 b6 26. Ne5 Qb7 27. Rd2 Bd6 28. Red1 Re8 29. Nf7 Be7 30. c5 Qd5 31. cxb6 axb6 32. Rc1 Bd6 33. Nxd6+ Qxd6 34. Bf2 Nd5 35. Bg3 Qd7 36. Re1 Kb7 37. Qd3 g6 38. Rc2 Rc8 39. Rec1 h5 40. Rc6 g5 41. Be5 g4 42. fxg4 hxg4 43. Qe4 Qf7 44. Bxc7 Rxc7 45. Rxc7+ Qxc7 46. Rxc7+ Kxc7 47. Qxg4 Kd6 48. Qg7 Nd7 49. h4 N7f6 50. g4 Ne4 51. Qe5+ 1-0

[Event "January 2 Late 2024"]
[Site "https://www.chess.com"]
[Date "2024.01.02"]
[Round "6"]
[White "Coelho, Ramyres Santana"]
[Black "Tikhonov, Viacheslav"]
[Result "0-1"]
[Board "163"]
[TimeControl "180+1"]
[WhiteFideId "2120690"]
[BlackFideId "44196407"]
[WhiteElo "2294"]
[BlackElo "2471"]
[WhiteTeam "BRA"]
[BlackTeam "RUS"]
[WhiteClock "0:00:00"]
[BlackClock "0:00:56"]

1. e4 c5 2. Nf3 d6 3. d4 cxd4 4. Nxd4 Nf6 5. Nc3 a6 6. f3 e5 7. Nb3 Be6 8. Be3 h5 9. Qd2 Nbd7 10. O-O-O g6 11. h3 Rc8 12. f4 exf4 13. Bxf4 Ne5 14. Bxe5 dxe5 15. Qxd8+ Rxd8 16. Rxd8+ Kxd8 17. Be2 Bh6+ 18. Kb1 Ke7 19. Nc5 Bc8 20. Nd5+ Nxd5 21. exd5 Kd6 22. b4 f5 23. c4 a5 24. a3 axb4 25. axb4 Bd2 26. Nd3 e4 27. Nb2 Bxb4 28. Rf1 Ke5 29. g4 hxg4 30. hxg4 Rh2 31. Bd1 f4 32. Rg1 g5 33. Bc2 Bd7 34. Na4 Rxc2 35. Kxc2 Bxa4+ 36. Kb2 Bc5 37. Rh1 f3 38. Rh5 Be3 39. Rh8 f2 40. Rh1 Bd7 41. Kb3 Bxg4 42. Kb4 Be2 43. Kb5 f1=Q 44. Rxf1 Bxf1 45. Kb4 g4 46. Ka5 g3 47. c5 Kxd5 48. c6 Kxc6 49. Kb4 g2 50. Ka5 g1=Q 0-1

[Event "January 2 Late 2024"]
[Site "https://www.chess.com"]
[Date "2024.01.02"]
[Round "6"]
[White "Chocenka, Dmitrijus"]
[Black "Curtis, John"]
[Result "1-0"]
[Board "164"]
[TimeControl "180+1"]
[WhiteFideId "12802336"]
[BlackFideId "3200256"]
[WhiteElo "2461"]
[BlackElo "2225"]
[WhiteTeam "LTU"]
[BlackTeam "AUS"]
[WhiteClock "0:00:20"]
[BlackClock "0:00:17"]

1. e4 c5 2. Nf3 d6 3. d4 cxd4 4. Nxd4 Nf6 5. Nc3 a6 6. h3 e5 7. Nde2 Be6 8. g4 h6 9. Bg2 b5 10. O-O b4 11. Nd5 Nbd7 12. c4 Bxd5 13. cxd5 Qb6 14. Be3 Nc5 15. Ng3 Nfd7 16. Kh2 g6 17. Qd2 Bg7 18. f4 exf4 19. Bxf4 Ne5 20. Ne2 Nc4 21. Qe1 Nd3 22. Qg3 Nxf4 23. Nxf4 Be5 24. g5 Ne3 25. Rf3 Nxg2 26. Kxg2 Qd4 27. Re1 Qxb2+ 28. Rf2 Qc3 29. Re3 Qd4 30. Rfe2 Ra7 31. Qg4 Bxf4 32. Qxf4 hxg5 33. Qxd6 Rd7 34. Qxa6 Qe5 35. Qc8+ Rd8 36. Qc6+ Kf8 37. Qc5+ Kg7 38. Qxb4 g4 39. Qc3 gxh3+ 40. Rxh3 f6 41. Qxe5 fxe5 42. Rxh8 Kxh8 43. a4 Ra8 44. Ra2 Ra5 45. Kg3 Kg7 46. Kg4 Kf6 47. Ra3 Kf7 48. Kg5 Kg7 49. Ra2 Kf7 50. Rf2+ Ke7 51. Kxg6 Rxa4 52. Kf5 Kd6 53. Rh2 Ra5 54. Rh6+ Kc5 55. Kxe5 Ra1 56. Rc6+ Kb5 57. Rc2 Rb1 58. d6 Rd1 59. Ke6 Rd4 60. e5 Kb6 61. d7 Kb7 62. Ke7 Rd5 63. e6 Rc5 64. Rxc5 1-0